 Dungeon Crawl Stone Soup version 0.28-a0-199-g298df9dbad (webtiles) character file.

Game seed: 14458278141179671860

19205 Rennog the Protected (level 12, -5/94 HPs)
             Began as a Gnoll Wanderer on Aug 19, 2021.
             Was a High Priest of Okawaru.
             Slain by a freezing wraith (7 damage)
             ... led by a death knight
             ... on level 12 of the Dungeon.
             The game lasted 00:41:51 (19275 turns).

Rennog the Protected (Gnoll Wanderer)              Turns: 19275, Time: 00:41:51

Health: -5/94      AC: 24    Str: 21    XL:     12   Next: 66%
Magic:  21/23      EV: 17    Int: 12    God:    Okawaru [*****.]
Gold:   382        SH:  0    Dex: 14    Spells: 18/26 levels left

rFire   + . .      SeeInvis +   y - +2 flail (holy)
rCold   + . .      Faith    .   (no shield)
rNeg    + . .      Spirit   .   I - +5 ring mail of Duck's Teeth {rN+ Will++ Int-2 SInv}
rPois   .          Reflect  .   A - +0 helmet of Cloud Cover {rF+ Int+3}
rElec   +          Harm     .   N - +3 cloak of Circular Logic {rElec rC+}
rCorr   .          Rampage  +   M - +1 pair of gloves
Will    ++...                   D - +0 pair of boots {rampage}
Stlth   +++++.....              (no amulet)
HPRegen 0.25/turn               e - +6 ring of strength
MPRegen 0.18/turn               (no ring)

@: heroic, slowed, studying Crossbows, very slow
A: fangs 1, strong nose, distributed training
a: Renounce Religion, Heroism, Finesse, Duel


You were on level 12 of the Dungeon.
You worshipped Okawaru.
Okawaru was extremely pleased with you.
You visited 2 branches of the dungeon, and saw 13 of its levels.

You collected 520 gold pieces.
You spent 138 gold pieces at shops.

Inventory:

Hand Weapons
 a - a +2 spear
 y - a +2 flail of holy wrath (weapon)
 E - a +4 great sword
Missiles
 p - 5 javelins (quivered)
Armour
 A - the +0 helmet of Cloud Cover (worn) {rF+ Int+3}
   (You found it on level 9 of the Dungeon)

   Int:       It affects your intelligence (+3).
   rF:        It protects you from fire.
 D - a +0 pair of boots of rampaging (worn)
 F - a +0 plate armour
 I - the +5 ring mail of Duck's Teeth (worn) {rN+ Will++ Int-2 SInv}
   (Okawaru gifted it to you on level 9 of the Dungeon)

   Int:       It affects your intelligence (-2).
   rN:        It protects you from negative energy.
   SInv:      It lets you see invisible.
   Will:      It greatly increases your willpower.
 M - a +1 pair of gloves (worn)
 N - the +3 cloak of Circular Logic (worn) {rElec rC+}
   (You found it on level 11 of the Dungeon)

   rC:        It protects you from cold.
   rElec:     It insulates you from electricity.
Jewellery
 b - a ring of magical power
 e - a +6 ring of strength (left hand)
 t - a ring of fire
 P - an amulet of magic regeneration
Wands
 h - a wand of digging (15)
 z - a wand of paralysis (4)
Scrolls
 i - a scroll of immolation
 j - 5 scrolls of fog
 l - a scroll of holy word
 n - 2 scrolls of silence
 o - a scroll of vulnerability
 s - 2 scrolls of enchant armour {unknown}
 u - 3 scrolls of teleportation {unknown}
 B - 2 scrolls of noise
 G - 2 scrolls of identify
Potions
 d - a potion of resistance {unknown}
 f - a potion of invisibility
 g - a potion of degeneration {unknown}
 k - 4 potions of haste
 m - 3 potions of lignification {unknown}
 q - 2 potions of mutation {unknown}
 v - a potion of ambrosia {unknown}
 x - a potion of flight {unknown}
 C - a potion of berserk rage
 H - a potion of magic {unknown}
 J - a potion of experience {unknown}
 K - 5 potions of attraction {unknown}
Miscellaneous
 c - a piece from Xom's chessboard (15/15)
 w - a piece from Xom's chessboard (15/15)
 L - a condenser vane
 O - a tin of tremorstones (2/2)


   Skills:
 + Level 8.9(13.9) Fighting
 + Level 7.5(12.5) Short Blades
 + Level 7.5(12.5) Long Blades
 + Level 7.5(12.5) Axes
 + Level 7.5(12.5) Maces & Flails
 + Level 8.9(13.9) Polearms
 + Level 7.5(12.5) Staves
 + Level 7.5(12.5) Slings
 + Level 8.0(13.0) Bows
 + Level 8.5(13.5) Crossbows
 + Level 7.5(12.5) Throwing
 + Level 10.0(15.0) Armour
 + Level 7.5(12.5) Dodging
 + Level 7.9(12.9) Stealth
 + Level 7.5(12.5) Shields
 + Level 7.5(12.5) Unarmed Combat
 + Level 7.5 Spellcasting
 + Level 6.2 Conjurations
 + Level 6.2 Hexes
 + Level 6.2 Summonings
 + Level 6.2 Necromancy
 + Level 6.2 Translocations
 + Level 6.2 Transmutations
 + Level 6.2 Fire Magic
 + Level 6.2 Ice Magic
 + Level 6.2 Air Magic
 + Level 6.2 Earth Magic
 + Level 6.2 Poison Magic
 + Level 8.2 Invocations
 + Level 8.0 Evocations


You had 18 spell levels left.
You knew the following spells:

 Your Spells              Type           Power      Damage    Failure   Level
a - Wereblood             Tmut           19%        N/A       2%          2
b - Teleport Other        Tloc           19%        N/A       4%          3
c - Swiftness             Air            19%        N/A       4%          3

Your spell library contained the following spells:

 Spells                   Type           Power      Damage    Failure   Level
 Apportation              Tloc           38%        N/A       1%          1
 Beastly Appendage        Tmut           38%        N/A       1%          1
 Corona                   Hex            21%        N/A       1%          1
 Shock                    Conj/Air       76%        1d7       1%          1
 Static Discharge         Conj/Air       19%        N/A       2%          2
 Conjure Flame            Conj/Fire      19%        6-21      4%          3
 Frozen Ramparts          Ice            38%        1d5       4%          3
 Gell's Gravitas          Tloc           9%         N/A       4%          3
 Ignite Poison            Fire/Tmut/Pois 19%        N/A       4%          3
 Portal Projectile        Hex/Tloc       38%        N/A       4%          3
 Spider Form              Tmut/Pois      9%         N/A       4%          3
 Airstrike                Air            9%         N/A       17%         4
 Ice Form                 Ice/Tmut       19%        N/A       17%         4
 Leda's Liquefaction      Hex/Erth       9%         N/A       17%         4
 Sticky Flame             Conj/Fire      19%        2d4       17%         4
 Fireball                 Conj/Fire      9%         3d6       43%         5
 Lightning Bolt           Conj/Air       9%         1d22      43%         5
 Dispersal                Tloc           9%         N/A       95%         6
 Starburst                Conj/Fire      9%         6d5       95%         6
 Borgnjor's Revivificati  Necr           9%         N/A       100%        8
 Ignition                 Fire           9%         3d5       100%        8
 Maxwell's Capacitive Co  Air            9%         ∞         100%        8
 Necromutation            Tmut/Necr      9%         N/A       100%        8
 Death's Door             Necr           9%         N/A       100%        9
 Animate Skeleton         Necr           Unusable   N/A       N/A         1
 Summon Small Mammal      Summ           Unusable   N/A       N/A         1
 Call Canine Familiar     Summ           Unusable   N/A       N/A         3
 Summon Ice Beast         Ice/Summ       Unusable   N/A       N/A         4

Dungeon Overview and Level Annotations

Branches:
Dungeon (12/15)            Temple (0/1) D:5            Lair (1/6) D:10
    Orc (0/2) D:9

Altars:
Ashenzari
Dithmenos
Elyvilon
Fedhas
Gozag
Nemelex Xobeh
Okawaru
Qazlal
Ru
Sif Muna
Vehumet
Wu Jian
Xom
Zin
Beogh

Shops:
D:5 =[[   D:6 *


Innate Abilities, Weirdness & Mutations

You have very sharp teeth.
Your uncanny sense of smell can sniff out nearby items.
Your experience applies equally to all skills.


Message History

The freezing wraith closely misses you.
You are too injured to fight recklessly!
You are too injured to fight recklessly!
You hit the freezing wraith but do no damage.
You punch the freezing wraith, but do no damage.
Your bite misses the freezing wraith.
The freezing wraith is severely damaged.
The freezing wraith hits you but does no damage. x2
You hit the freezing wraith.
The freezing wraith convulses.
The freezing wraith is severely damaged.
The freezing wraith hits you. The freezing wraith freezes you! You resist.
The freezing wraith hits you but does no damage.
The freezing wraith hits you!
* * * LOW HITPOINT WARNING * * *
The freezing wraith freezes you! You resist.
* * * LOW HITPOINT WARNING * * *
The freezing wraith closely misses you.
You gain the combat prowess of a mighty hero.
The freezing wraith closely misses you.
The freezing wraith hits you but does no damage.
You hit the freezing wraith.
The freezing wraith convulses.
The freezing wraith is almost destroyed.
The freezing wraith hits you but does no damage.
The freezing wraith misses you.
You hit the freezing wraith but do no damage.
You bite the freezing wraith, but do no damage.
The freezing wraith is almost destroyed.
The freezing wraith closely misses you.
The freezing wraith hits you but does no damage.
You hit the freezing wraith but do no damage.
The freezing wraith is almost destroyed.
The freezing wraith hits you.
* * * LOW HITPOINT WARNING * * *
The freezing wraith freezes you. You resist.
* * * LOW HITPOINT WARNING * * *
The freezing wraith completely misses you.
The freezing wraith hits you.
* * * LOW HITPOINT WARNING * * *
The freezing wraith freezes you! You resist.
You die...

#...... ###......
#.......# #.......#
#>......# # #.......# ..#
#.......#...#
#.$...<.'...#
#....@..#...# #+####
#...W...# ... .....
#.......... # <...
.#.......(..# ...
.'..........# ..
..#..........# .
#####+#(...!.....#########
###
...........######......[.#
..#
...........#......#......#


You could see a freezing wraith.

Vanquished Creatures
  A hydra (D:12)
  2 boulder beetles
  4 two-headed ogres
  Pikel (D:5)
  4 cyclopes
  2 gargoyles
  2 komodo dragons
  Psyche (D:8)
  A demonic crawler (D:12)
  3 trolls
  A meliai zombie (D:11)
  A wyvern (Lair:1)
  2 wraiths
  13 yaks
  Grum (D:10)
  6 vampire mosquitoes
  4 swamp worms (D:12)
  Edmund (D:5)
  2 acid dragons
  6 water moccasins
  7 orc warriors
  2 sky beasts
  2 black bears
  2 necrophages
  5 ogres
  5 centaurs
  4 wolves
  A lemure (D:5)
  A kobold brigand (D:9)
  Blork the orc (D:4)
  A gnoll sergeant (D:7)
  5 scorpions
  9 bullfrogs
  A water moccasin zombie (D:5)
  2 wyvern zombies
  A wyvern skeleton (D:7)
  15 killer bees
  4 wights (D:9)
  4 howler monkeys
  5 centaur zombies
  2 hounds
  3 bullfrog skeletons
  A bullfrog zombie (D:7)
  A gnoll shaman (D:6)
  9 orc priests
  3 centaur skeletons
  An iguana (D:6)
  4 orc wizards
  2 killer bee zombies (D:6)
  A hound skeleton (D:4)
  2 howler monkey skeletons
  3 adders
  8 gnolls (D:7)
  2 shadow imps (D:6)
  A white imp (D:6)
  3 ufetubi
  A worm (D:3)
  An adder skeleton (D:4)
  A dart slug (D:1)
  32 orcs
  5 bats
  4 endoplasms
  7 goblins
  4 hobgoblins
  9 jackals
  4 ball pythons
  2 frilled lizards (D:3)
  7 kobolds
  2 rats (D:1)
260 creatures vanquished.

Vanquished Creatures (others)
  43 fungi (D:10)
  38 plants
81 creatures vanquished.

Grand Total: 341 creatures vanquished

Notes
Turn   | Place    | Note
-------+----------+-------------------------------------------
     0 | D:1      | Rennog the Gnoll Wanderer began the quest for the Orb.
     0 | D:1      | Rennog set off with the following items: a +2 spear, a
                  | potion of curing, a piece from Xom's chessboard (15/15), a
                  | +0 robe
     0 | D:1      | Reached XP level 1. HP: 20/20 MP: 1/1
   541 | D:1      | Reached XP level 2. HP: 26/26 MP: 2/2
  1227 | D:2      | Reached XP level 3. HP: 31/31 MP: 3/3
  1307 | D:2      | Found a faded altar of an unknown god.
  1389 | D:2      | Became a worshipper of Ashenzari the Shackled
  1390 | D:2      | Fell from the grace of Ashenzari
  1675 | D:3      | Reached skill level 1 in Invocations
  1839 | D:3      | Found an ornate altar of the Wu Jian Council.
  2019 | D:3      | Reached skill level 1 in Short Blades
  2019 | D:3      | Reached skill level 1 in Long Blades
  2019 | D:3      | Reached skill level 1 in Axes
  2019 | D:3      | Reached skill level 1 in Maces & Flails
  2019 | D:3      | Reached skill level 1 in Staves
  2019 | D:3      | Reached skill level 1 in Slings
  2019 | D:3      | Reached skill level 1 in Crossbows
  2019 | D:3      | Reached skill level 1 in Throwing
  2019 | D:3      | Reached skill level 1 in Dodging
  2019 | D:3      | Reached skill level 1 in Shields
  2019 | D:3      | Reached skill level 1 in Unarmed Combat
  2019 | D:3      | Reached skill level 1 in Spellcasting
  2481 | D:4      | Found an iron altar of Okawaru.
  2487 | D:4      | Became a worshipper of Warmaster Okawaru
  2551 | D:4      | Noticed a scorpion
  2570 | D:4      | Killed a scorpion
  2571 | D:4      | Was forgiven by Ashenzari
  2571 | D:4      | Reached skill level 1 in Conjurations
  2571 | D:4      | Reached skill level 1 in Hexes
  2571 | D:4      | Reached skill level 1 in Summonings
  2571 | D:4      | Reached skill level 1 in Necromancy
  2571 | D:4      | Reached skill level 1 in Translocations
  2571 | D:4      | Reached skill level 1 in Transmutations
  2571 | D:4      | Reached skill level 1 in Fire Magic
  2571 | D:4      | Reached skill level 1 in Ice Magic
  2571 | D:4      | Reached skill level 1 in Air Magic
  2571 | D:4      | Reached skill level 1 in Earth Magic
  2571 | D:4      | Reached skill level 1 in Poison Magic
  2571 | D:4      | Reached XP level 4. HP: 38/38 MP: 5/5
  2571 | D:4      | Reached XP level 5. HP: 43/43 MP: 6/6
  2705 | D:4      | Noticed an ogre
  2711 | D:4      | Killed an ogre
  2715 | D:4      | Noticed Blork the orc
  2896 | D:4      | Killed Blork the orc
  2897 | D:4      | Reached XP level 6. HP: 24/50 MP: 8/8
  3106 | D:4      | Reached * piety under Okawaru
  3107 | D:4      | Reached skill level 5 in Fighting
  3107 | D:4      | Reached skill level 5 in Polearms
  3362 | D:5      | Entered Level 5 of the Dungeon
  3413 | D:5      | Found Godati's Antique Armour Shop.
  3511 | D:5      | Reached XP level 7. HP: 56/56 MP: 10/10
  3671 | D:5      | Noticed an angel
  3672 | D:5      | Found a glowing silver altar of Zin.
  3686 | D:5      | Reached skill level 7 in Armour
  3716 | D:5      | Noticed Pikel
  3733 | D:5      | Killed Pikel
  3733 | D:5      | Reached ** piety under Okawaru
  3734 | D:5      | Reached XP level 8. HP: 63/63 MP: 10/12
  3830 | D:5      | Found Maapibov's Jewellery Boutique.
  3889 | D:5      | Noticed Edmund
  3923 | D:5      | Killed Edmund
  4333 | D:5      | Found a staircase to the Ecumenical Temple.
  4584 | D:5      | Found Liset's Armour Emporium.
  5235 | D:6      | Reached *** piety under Okawaru
  5309 | D:6      | Found Gesibb's Lightly-Used Armoury.
  5484 | D:6      | Received a gift from Okawaru
  5616 | D:6      | Reached XP level 9. HP: 69/69 MP: 14/14
  5616 | D:6      | Found a stormy altar of Qazlal.
  6148 | D:6      | Found a sacrificial altar of Ru.
  6837 | D:6      | Found a shadowy altar of Dithmenos.
  7012 | D:6      | Reached skill level 5 in Bows
  7012 | D:6      | Reached skill level 5 in Evocations
  7199 | D:6      | Reached skill level 5 in Stealth
  7212 | D:6      | Reached skill level 8 in Armour
  7397 | D:6      | Reached **** piety under Okawaru
  7398 | D:6      | Reached skill level 5 in Invocations
  7572 | D:6      | Noticed a gargoyle
  7573 | D:6      | Noticed a komodo dragon
  8266 | D:7      | Reached XP level 10. HP: 45/77 MP: 17/17
  8408 | D:7      | Found a shimmering altar of Xom.
  9029 | D:7      | Learned a level 2 spell: Wereblood
  9058 | D:7      | Found a radiant altar of Vehumet.
  9083 | D:7      | Reached skill level 5 in Short Blades
  9083 | D:7      | Reached skill level 5 in Long Blades
  9083 | D:7      | Reached skill level 5 in Axes
  9083 | D:7      | Reached skill level 5 in Maces & Flails
  9083 | D:7      | Reached skill level 5 in Staves
  9083 | D:7      | Reached skill level 5 in Slings
  9083 | D:7      | Reached skill level 5 in Crossbows
  9083 | D:7      | Reached skill level 5 in Throwing
  9083 | D:7      | Reached skill level 5 in Dodging
  9083 | D:7      | Reached skill level 5 in Shields
  9083 | D:7      | Reached skill level 5 in Unarmed Combat
  9083 | D:7      | Reached skill level 5 in Spellcasting
  9098 | D:7      | Found a blossoming altar of Fedhas.
  9362 | D:8      | Noticed a two-headed ogre
  9372 | D:8      | Killed a two-headed ogre
  9626 | D:8      | Reached ***** piety under Okawaru
  9972 | D:8      | Noticed Psyche
  9991 | D:8      | Killed Psyche
 10130 | D:8      | Noticed a cyclops
 10130 | D:8      | Noticed a boulder beetle
 10162 | D:8      | Killed a cyclops
 10162 | D:8      | Received a gift from Okawaru
 10195 | D:8      | Upgraded the game from 0.28-a0-194-g42b4daccc1 to
                  | 0.28-a0-199-g298df9dbad
 10823 | D:9      | Found a white marble altar of Elyvilon.
 11890 | D:9      | Identified the +0 helmet of Cloud Cover {rF+ Int+3}
 12006 | D:9      | Reached XP level 11. HP: 46/84 MP: 19/19
 12453 | D:9      | Found a staircase to the Orcish Mines.
 12710 | D:9      | Noticed a two-headed ogre
 12718 | D:9      | Killed a two-headed ogre
 12719 | D:9      | Reached skill level 9 in Armour
 12719 | D:9      | Reached skill level 5 in Conjurations
 12719 | D:9      | Reached skill level 5 in Hexes
 12719 | D:9      | Reached skill level 5 in Summonings
 12719 | D:9      | Reached skill level 5 in Necromancy
 12719 | D:9      | Reached skill level 5 in Translocations
 12719 | D:9      | Reached skill level 5 in Transmutations
 12719 | D:9      | Reached skill level 5 in Fire Magic
 12719 | D:9      | Reached skill level 5 in Ice Magic
 12719 | D:9      | Reached skill level 5 in Air Magic
 12719 | D:9      | Reached skill level 5 in Earth Magic
 12719 | D:9      | Reached skill level 5 in Poison Magic
 13020 | D:10     | Entered Level 10 of the Dungeon
 13067 | D:10     | Noticed a cyclops
 13080 | D:10     | Killed a cyclops
 13080 | D:10     | Received a gift from Okawaru
 13231 | D:8      | Killed a boulder beetle
 13324 | D:5      | Bought a +0 pair of boots of rampaging for 138 gold pieces
 13357 | D:6      | Found a sparkling altar of Nemelex Xobeh.
 13691 | D:6      | Identified the +2 short sword of the Pyrrhic Victory
                  | {freeze, +Rage Int+5}
 14098 | D:8      | Identified the +1 scale mail of the Wilderness {rCorr}
 14802 | D:10     | Noticed Grum
 15117 | D:9      | Identified the +5 ring mail of Duck's Teeth {rN+ Will++
                  | Int-2 SInv} (Okawaru gifted it to you on level 9 of the
                  | Dungeon)
 15117 | D:9      | Received a gift from Okawaru
 15139 | D:10     | Killed Grum
 15244 | D:10     | Found a staircase to the Lair.
 15473 | D:10     | Found an opulent altar of Gozag.
 15913 | D:10     | Found a shimmering blue altar of Sif Muna.
 16319 | D:11     | Identified the +3 cloak of Circular Logic {rElec rC+}
 16394 | D:11     | Reached XP level 12. HP: 64/93 MP: 22/22
 16576 | D:11     | Noticed a two-headed ogre
 16581 | D:11     | Killed a two-headed ogre
 16636 | D:11     | Noticed a boulder beetle
 16657 | D:11     | Killed a boulder beetle
 17470 | D:12     | Noticed a six-headed hydra
 17505 | D:12     | Noticed a centaur warrior
 17744 | Lair:1   | Entered Level 1 of the Lair of Beasts
 17839 | Lair:1   | Learned a level 3 spell: Teleport Other
 17843 | Lair:1   | Learned a level 3 spell: Swiftness
 17888 | Lair:1   | Noticed a four-headed hydra
 18538 | D:12     | Killed a six-headed hydra
 18538 | D:12     | Received a gift from Okawaru
 18990 | D:12     | Noticed a two-headed ogre
 19000 | D:12     | Killed a two-headed ogre
 19001 | D:12     | Reached skill level 10 in Armour
 19275 | D:12     | HP: 2/94 [freezing wraith[a death knight] (4)]
 19275 | D:12     | Slain by a freezing wraith

Illustrated notes

Levels and vault maps discovered:
D:1:      eino_arrival_cavern_a, layout_basic, minmay_misc_feat_four_crosses
D:2:      layout_rooms, dreamdust_ecumenical_altar_angels_and_demons
D:3:      layout_rooms, mainiacjoe_overflow_alcove_1
D:4:      layout_loops_cross, okawaru_ov_weapons_minmay, dk_noncrumbling_3,
          uniq_blork_the_orc
D:5:      layout_cave_pools, zin_angel, minmay_temple_entry_nine_rooms,
          serial_shops, nicolae_lakefront_shop, nicolae_shop_overgrown_old_shop,
          shop, hellmonk_bongcloud_opening, uniq_edmund, uniq_pikel
D:6:      kennysheep_windowed_halls, layout_loops_ring, old_standard_altar,
          lemuel_crystal_altar, nicolae_dithmenos_the_darkroom,
          kennysheep_little_box, minmay_shop_damaged, minmay_misc_feat_hallway
D:7:      layout_rooms, lemuel_crystal_altar, mainiacjoe_overflow_two_lobes,
          serial_glass, glass_columns_a, glass_columns_c, dk_noncrumbling_2
D:8:      layout_layer_cave, kennysheep_cross_room, minmay_misc_feat_roman,
          minmay_manual_moon, uniq_psyche
D:9:      layout_stronghold, marbit_many_paths, david_orc_5
D:10:     layout_roguey, mainiacjoe_overflow_surrounded_room,
          kennysheep_mini_moat, due_lair_maze_entry_diamond, uniq_grum
D:11:     layout_rooms, chequers_mini_garden
D:12:     layout_gridville, worms_lemuel
Lair:1:   layout_layer_cave, infiniplex_staircase_pool

Skill      XL: |  1  2  3  4  5  6  7  8  9 10 11 12 |
---------------+-------------------------------------+-----
Invocations    | 1 2 3 4 5 6 7 8 |  8.2
Short Blades   | 1 2 3 4 5 6 7 |  7.5
Long Blades    | 1 2 3 4 5 6 7 |  7.5
Axes           | 1 2 3 4 5 6 7 |  7.5
Maces & Flails | 1 2 3 4 5 6 7 |  7.5
Staves         | 1 2 3 4 5 6 7 |  7.5
Slings         | 1 2 3 4 5 6 7 |  7.5
Crossbows      | 1 2 3 4 5 7 8 |  8.5
Throwing       | 1 2 3 4 5 6 7 |  7.5
Dodging        | 1 2 3 4 5 6 7 |  7.5
Shields        | 1 2 3 4 5 6 7 |  7.5
Unarmed Combat | 1 2 3 4 5 6 7 |  7.5
Spellcasting   | 1 2 3 4 5 6 7 |  7.5
Conjurations   | 1 2 3 4 5 6 |  6.2
Hexes          | 1 2 3 4 5 6 |  6.2
Summonings     | 1 2 3 4 5 6 |  6.2
Necromancy     | 1 2 3 4 5 6 |  6.2
Translocations | 1 2 3 4 5 6 |  6.2
Transmutations | 1 2 3 4 5 6 |  6.2
Fire Magic     | 1 2 3 4 5 6 |  6.2
Ice Magic      | 1 2 3 4 5 6 |  6.2
Air Magic      | 1 2 3 4 5 6 |  6.2
Earth Magic    | 1 2 3 4 5 6 |  6.2
Poison Magic   | 1 2 3 4 5 6 |  6.2
Bows           | 3 4 5 6 7 8 |  8.0
Evocations     | 3 4 5 6 7 8 |  8.0
Stealth        | 3 4 5 6 7 |  7.9
Fighting       | 5 6 7 8 |  8.9
Polearms       | 5 6 7 8 |  8.9
Armour         | 7 8 9 10 | 10.0

Action                   |  1- 3 |  4- 6 |  7- 9 | 10-12 || total
-------------------------+-------+-------+-------+-------++-------
Melee: Spear             |   115 |   107 |    91 |       ||   313
       Bite              |     8 |    11 |    45 |   103 ||   167
       Punch             |       |     1 |    10 |    19 ||    30
       Flail             |       |       |   285 |   271 ||   556
       Great sword       |       |       |       |   319 ||   319
Throw: Javelin           |       |       |    11 |    48 ||    59
 Cast: Wereblood         |       |       |       |     9 ||     9
Invok: Renounce Religion |     1 |       |       |       ||     1
       Heroism           |       |       |     3 |    11 ||    14
       Finesse           |       |       |       |     1 ||     1
Evoke: Wand              |     1 |     1 |     1 |     4 ||     7
       Piece from Xom's  |       |       |     2 |       ||     2
  Use: Scroll            |     2 |     2 |     2 |     3 ||     9
       Potion            |       |       |     2 |     2 ||     4
 Stab: Sleeping          |     2 |       |     1 |     2 ||     5
       Paralysed         |     7 |     4 |     3 |    12 ||    26
Armor: Ring mail         |    21 |       |       |   220 ||   241
       Scale mail        |     5 |    29 |   162 |    14 ||   210
       Chain mail        |       |       |       |    85 ||    85
       Skin              |       |       |       |     2 ||     2
       Plate armour      |       |       |       |    52 ||    52
Dodge: Dodged            |    29 |    34 |   269 |   487 ||   819
       Rpst.: Great sword |       |       |       |    85 ||    85

Table legend: (Time is in decaauts)
 A = Elapsed time spent in this place.
 B = Non-inter-level travel time spent in this place.
 C = Inter-level travel time spent in this place.
 D = Time resting spent in this place.
 E = Time spent auto-exploring this place.
 F = Levels seen in this place.
 G = Mean time per level.
                   A        B        C        D        E       F      G
               +--------+--------+--------+--------+--------+-----+--------+
         Total |  19430 |  18304 |   1126 |   2604 |  12809 |  13 | 1494.6 |
       Dungeon |  19262 |  18137 |   1125 |   2604 |  12720 |  12 | 1605.2 |
          Lair |    167 |    167 |      0 |      0 |     89 |   1 |  167.0 |
               +--------+--------+--------+--------+--------+-----+--------+

Top non-repeatable levels by time:
     D:9: 3402 daAuts
     D:6: 2889 daAuts
     D:8: 1983 daAuts
     D:5: 1802 daAuts
     D:7: 1682 daAuts
    D:11: 1490 daAuts
    D:10: 1325 daAuts
    D:12: 1240 daAuts
     D:1: 1064 daAuts
     D:4: 1002 daAuts
     D:3: 780 daAuts
     D:2: 597 daAuts
  Lair:1: 167 daAuts
